 Dungeon Crawl Stone Soup version 0.20-a0-903-g7e3609c (webtiles) character file.

273 qpzil the Cudgeler (level 6, -3/51 HPs)
             Began as a Hill Orc Fighter on Mar 21, 2017.
             Slain by a slave (7 damage)
             ... led by Pikel
             ... on level 4 of the Dungeon.
             The game lasted 00:06:17 (2186 turns).

qpzil the Cudgeler (Hill Orc Fighter)               Turns: 2186, Time: 00:06:18

Health: -3/51      AC:  6    Str: 20    XL:     6   Next: 24%
Magic:  6/6        EV:  7    Int:  8    God:
Gold:   102        SH:  9    Dex: 11    Spells: 5/5 levels left

rFire    . . .     SeeInvis .   a - +0 flail
rCold    + + .     Gourm    .   b - +0 scale mail
rNeg     . . .     Faith    .   c - +0 shield
rPois    .         Spirit   .   (no helmet)
rElec    .         Reflect  .   j - scarf {rC+}
rCorr    .         Harm     .   (no gloves)
MR       .....                  (no boots)
Stlth    ..........             (no amulet)
Regen    0.2/turn               (no ring)
MPRegen  0.1/turn               m - ring of protection from cold

@: lethally poisoned (-3 -> -7)
A: no striking features
a: no special abilities


You were on level 4 of the Dungeon.
You were hungry.

You visited 1 branch of the dungeon, and saw 4 of its levels.

You collected 102 gold pieces.

Inventory:

Hand Weapons
 a - a +0 flail (weapon)
Armour
 b - a +0 scale mail (worn)
 c - a +0 shield (worn)
 j - a scarf of cold resistance (worn)
Jewellery
 k - an uncursed amulet of magic regeneration
 m - a ring of protection from cold (left hand)
Wands
 q - a wand of scattershot (7/9)
Scrolls
 e - a scroll of identify
 h - 2 scrolls of remove curse
 l - 2 scrolls of teleportation
Potions
 d - a potion of might
 i - 3 potions of heal wounds
Books
 p - a book of Misfortune

   Spells                             Type                      Level
   a - Confusing Touch                Hexes                        1
   b - Confuse                        Hexes                        3
   c - Gell's Gravitas                Translocation                3
   d - Petrify                        Transmutation/Earth          4
   e - Metabolic Englaciation         Hexes/Ice                    5
   f - Yara's Violent Unravelling     Hexes/Transmutation          5
Comestibles
 f - a bread ration
 g - 2 royal jellies
 o - a meat ration


   Skills:
 - Level 3.6 Fighting
 + Level 7.0 Maces & Flails
 - Level 3.2 Armour
 - Level 3.2 Shields


You had 5 spell levels left.
You didn't know any spells.

Dungeon Overview and Level Annotations

Branches:
Dungeon (4/15)
 Temple: D:4-7

Altars:
Hepliaklqana

Annotations:
D:4 Pikel


Message History

Your Maces & Flails skill increases to level 7!
* * * LOW HITPOINT WARNING * * *
You feel sick.
The phantom blinks!
The phantom blinks!
* * * LOW HITPOINT WARNING * * *
You feel sick.
* * * LOW HITPOINT WARNING * * *
You feel sick.
* * * LOW HITPOINT WARNING * * *
You feel sick.
You are feeling hungry.
* * * LOW HITPOINT WARNING * * *
You feel sick. 3 slaves and Pikel come into view.
Pikel is wielding a whip of freezing.
* * * LOW HITPOINT WARNING * * *
You feel sick.
Pikel shouts!
The slave shouts! x2
A bullfrog skeleton comes into view.
The slave hits you!
You die...

#...#####.##.#
#.......[....# #
#####...##.#..##.# .##
#.............##.....#
..............##.#...
#............# #...
#...#..#.###.# #
#.......W....# # #
#...#.######@# #
#.#...#.# #p# #
#.......# #p# #
#.##.##.# #K#
###.##.##.#### #.#
.....#..<....#


#pZ ..#..####.##.##### #.#............# #............#.# You could see Pikel, a
phantom, 3 slaves and a bullfrog skeleton.

Vanquished Creatures
  A hound (D:4)
  An orc priest (D:3)
  Natasha (thrice) (D:2)
  A worker ant (D:4)
  An orc wizard (D:3)
  An adder (D:4)
  4 worms
  2 dart slugs
  2 leopard geckos
  7 orcs (D:3)
  2 bats (D:1)
  A giant cockroach (D:2)
  6 goblins
  6 hobgoblins
  2 jackals (D:2)
  A quokka (D:3)
  4 frilled lizards
  9 kobolds
  7 rats
61 creatures vanquished.

Notes
Turn   | Place    | Note
-------+----------+-------------------------------------------
     0 | D:1      | qpzil the Hill Orc Fighter began the quest for the Orb.
     0 | D:1      | Reached XP level 1. HP: 19/19 MP: 1/1
    97 | D:1      | Reached skill level 3 in Maces & Flails
    97 | D:1      | Reached XP level 2. HP: 23/26 MP: 2/2
   608 | D:2      | Reached XP level 3. HP: 29/31 MP: 3/3
   642 | D:2      | Reached skill level 4 in Maces & Flails
   959 | D:2      | Noticed Natasha
   967 | D:2      | Killed Natasha
   967 | D:2      | Reached XP level 4. HP: 29/39 MP: 4/4
   992 | D:2      | Noticed Natasha
  1000 | D:2      | Killed Natasha
  1000 | D:2      | Reached skill level 5 in Maces & Flails
  1052 | D:2      | Noticed Natasha
  1057 | D:2      | Killed Natasha
  1057 | D:2      | Reached XP level 5. HP: 17/45 MP: 5/5
  1110 | D:2      | Found a hazy altar of Hepliaklqana.
  1333 | D:3      | Reached skill level 6 in Maces & Flails
  2073 | D:4      | Reached XP level 6. HP: 43/51 MP: 6/6
  2147 | D:4      | Noticed a phantom
  2178 | D:4      | Reached skill level 7 in Maces & Flails
  2185 | D:4      | Noticed Pikel
  2185 | D:4      | Noticed a slave
  2185 | D:4      | Noticed a slave
  2185 | D:4      | Noticed a slave
  2186 | D:4      | Slain by a slave

Vault maps used:
D:1:      ncdulo_watergridlock
D:2:      overflow_temple_1_default, uniq_natasha
D:3:      serial_corexii_hall, corexii_hall_statues_t, corexii_hall_statues_l,
          corexii_hall_statues_i, minmay_misc_feat_pillars
D:4:      uniq_pikel

Skill      XL: |  1  2  3  4  5  6 |
---------------+-------------------+-----
Maces & Flails | 3 4 5 6 7 |  7.0
Fighting       | |  3.6
Armour         | |  3.2
Shields        | |  3.2

Action                   |  1- 3 |  4- 6 || total
-------------------------+-------+-------++-------
Melee: Flail             |   116 |   110 ||   226
  Use: Scroll            |     4 |     4 ||     8
       Potion            |     1 |     1 ||     2
 Stab: Invisible         |       |     1 ||     1
  Eat: Chunk             |       |     4 ||     4
Armor: Scale mail        |    41 |    36 ||    77
Dodge: Dodged            |    43 |    30 ||    73
Block: Shield            |    50 |    53 ||   103
